 Dungeon Crawl Stone Soup version 0.24.0-13-gcf9b319 (webtiles) character file.

Game seed: 15006980837530722610, levelgen mode: deterministic

46 Bronimir the Vexing (level 3, 0/26 HPs)
             Began as a Formicid Arcane Marksman on Mar 29, 2020.
             Succumbed to an adder's poison
             ... on level 3 of the Dungeon.
             The game lasted 00:02:50 (1627 turns).

Bronimir the Vexing (Formicid Arcane Marksman)      Turns: 1627, Time: 00:02:51

Health: 0/26       AC:  2    Str: 15    XL:     3   Next: 92%
Magic:  4/4        EV: 12    Int: 12    God:
Gold:   90         SH:  0    Dex: 11    Spells: 1/4 levels left

rFire    . . .     SeeInvis +   a - +0 hand crossbow
rCold    . . .     Gourm    .   (no shield)
rNeg     . . .     Faith    .   e - +0 robe
rPois    .         Spirit   .   (helmet unavailable)
rElec    .         Reflect  .   (no cloak)
rCorr    .         Harm     .   (no gloves)
MR       .....                  (no boots)
Stlth    +.........             (no amulet)
HPRegen  0.08/turn              (no ring)
MPRegen  0.09/turn              (no ring)

@: lethally poisoned (0 -> -14)
A: permanent stasis, dig shafts and tunnels, four strong arms, antennae 3
a: Dig, Shaft Self


You were on level 3 of the Dungeon.
You were very hungry.

You visited 1 branch of the dungeon, and saw 3 of its levels.

You collected 90 gold pieces.

Inventory:

Hand Weapons
 a - a +0 hand crossbow (weapon)
 b - a +0 hunting sling
Missiles
 c - 3 javelins
 d - 7 bolts (quivered)
 g - 17 poisoned darts
 h - 11 sling bullets
 n - 22 arrows
 r - 49 stones
Armour
 e - a +0 robe (worn)
 j - a +0 ring mail
Wands
 l - a wand of iceblast (10)
Scrolls
 i - a scroll of magic mapping {unknown}
 k - a scroll of teleportation {unknown}
 m - 2 scrolls of remove curse {unknown}
 p - a scroll of identify {unknown}
 s - 2 scrolls of random uselessness {unknown}
 t - 2 scrolls of immolation {unknown}
Potions
 o - a potion of heal wounds {unknown}
 q - a potion of might {unknown}
 u - a potion of magic {unknown}
Comestibles
 f - 4 rations


   Skills:
 + Level 1.2 Fighting
 * Level 2.9 Crossbows
 + Level 0.3 Throwing
 * Level 0.3 Armour
 + Level 1.9 Dodging
 + Level 1.1 Spellcasting
 * Level 4.4 Hexes


You had one spell level left.
You knew the following spells:

 Your Spells              Type           Power        Failure   Level  Hunger
a - Corona                Hex            ##.....      4%          1    ##.....
b - Slow                  Hex            ##......     8%          2    ###....

Your spell library contained the following spells:

 Spells                   Type           Power        Failure   Level  Hunger
 Inner Flame              Hex/Fire       #.......     36%         3    ####...
 Portal Projectile        Hex/Tloc       #.....       36%         3    ####...
 Cause Fear               Hex            ##........   43%         4    #####..
 Leda's Liquefaction      Hex/Erth       #.........   77%         4    #####..


Dungeon Overview and Level Annotations

Branches:
Dungeon (3/15)

Altars:
Qazlal
Zin


Innate Abilities, Weirdness & Mutations

You cannot be hasted, slowed, berserked, paralysed or teleported.
You can dig through walls and to a lower floor.
Your four strong arms can wield two-handed weapons with a shield.
You have a pair of large antennae on your head. (SInv)


Message History

The adder bites you.
You are lethally poisoned!
The adder poisons you! The adder bites you.
* * * LOW HITPOINT WARNING * * *
Firing (i - inventory. (/) - cycle)
d - 9 bolts (quivered)
Press: ? - help, Shift-Dir - straight line, f/p - adder
Aim: an adder (moderately wounded)
You shoot a bolt. The bolt hits the adder.
The adder is severely wounded.
* * * LOW HITPOINT WARNING * * *
You feel sick. The adder bites you.
* * * LOW HITPOINT WARNING * * *
You are more poisoned.
The adder poisons you! The adder bites you.
* * * LOW HITPOINT WARNING * * *
Firing (i - inventory. (/) - cycle)
d - 8 bolts (quivered)
Press: ? - help, Shift-Dir - straight line, f/p - adder
Aim: an adder (heavily wounded)
You shoot a bolt. The bolt closely misses the adder.
You die...

## (< # (#
#.#### (#
#....###r#
#..@S#
#######..##.#
......#..# (#
.........# (#
####.#.## ..
#.#.# .. #
#.# #
#.#######
#.......#


You could see an adder and a rat.

Vanquished Creatures
  An adder (D:2)
  A dart slug (D:1)
  A leopard gecko (D:1)
  An orc (D:3)
  3 bats
  A giant cockroach (D:2)
  4 goblins
  7 hobgoblins
  A kobold (D:1)
  A ball python (D:1)
  6 frilled lizards
  4 rats
31 creatures vanquished.

Notes
Turn   | Place    | Note
-------+----------+-------------------------------------------
     0 | D:1      | Bronimir the Formicid Arcane Marksman began the quest for
                  | the Orb.
     0 | D:1      | Reached XP level 1. HP: 15/15 MP: 2/2
    77 | D:1      | Reached skill level 4 in Hexes
    77 | D:1      | Reached XP level 2. HP: 19/21 MP: 3/3
   196 | D:1      | Learned a level 2 spell: Slow
   397 | D:1      | Reached XP level 3. HP: 26/26 MP: 4/4
  1176 | D:2      | Found a stormy altar of Qazlal.
  1487 | D:2      | Found a glowing silver altar of Zin.
  1627 | D:3      | Succumbed to an adder's poison

Levels and vault maps discovered:
D:1:      minmay_arrival_floating_metal, layout_basic, minivault_11
D:2:      layout_basic, zin_statuary, nicolae_qazlal_general_emergency,
          serial_bayou_pond_a
D:3:      layout_loops_ring, eat_drink_and_be_merry_uskayaw,
          gammafunk_temple_overflow_statue

Skill      XL: |  1 |
---------------+----+-----
Hexes          | 4 |  4.4
Fighting       | |  1.2
Crossbows      | |  2.9
Throwing       | |  0.3
Armour         | |  0.3
Dodging        | |  1.9
Spellcasting   | |  1.1

Action                   || total
-------------------------++-------
 Fire: Hand crossbow     ||    71
       Hunting sling     ||    16
Throw: Dart              ||    10
       Javelin           ||     4
 Cast: Corona            ||     1
  Eat: Chunk             ||     1
Armor: Robe              ||    10
Dodge: Dodged            ||    37
